 Dungeon Crawl Stone Soup version 0.25.1-2-g60ff931df9 (webtiles) character file.

Game seed: 4143543070391069359

222 raphialitos the Covered (level 5, -8/42 HPs)
             Began as a Minotaur Fighter on Oct 16, 2020.
             Mangled by an ogre
             ... wielding a +0 giant club
              (27 damage)
             ... on level 4 of the Dungeon.
             The game lasted 00:04:37 (3196 turns).

raphialitos the Covered (Minotaur Fighter)          Turns: 3196, Time: 00:04:38

Health: -8/42      AC:  9    Str: 22    XL:     5   Next: 66%
Magic:  4/4        EV:  8    Int:  3    God:
Gold:   167        SH: 10    Dex:  9    Spells: 4/4 levels left

rFire    . . .     SeeInvis .   a - +0 long sword
rCold    . . .     Gourm    .   c - +1 kite shield
rNeg     . . .     Faith    .   b - +0 scale mail
rPois    .         Spirit   .   (helmet restricted)
rElec    .         Reflect  .   (no cloak)
rCorr    .         Harm     .   (no gloves)
MR       .....                  (no boots)
Stlth    ..........             (no amulet)
HPRegen  0.14/turn              (no ring)
MPRegen  0.09/turn              (no ring)

@: no status effects
A: retaliatory headbutt, horns 2, yellow scales 1, dopey 1, frail 1
a: no special abilities


You were on level 4 of the Dungeon.
You were very hungry.

You visited 1 branch of the dungeon, and saw 4 of its levels.

You collected 167 gold pieces.

Inventory:

Hand Weapons
 a - a +0 long sword (weapon)
Missiles
 o - 55 sling bullets
 p - 45 arrows
Armour
 b - a +0 scale mail (worn)
 c - a +1 kite shield (worn)
Wands
 e - a wand of digging (4)
Scrolls
 i - a scroll of identify
Potions
 d - 2 potions of might
 g - a potion of lignification
 h - a potion of haste {unknown}
 j - a potion of ambrosia
 k - 2 potions of berserk rage
 q - a potion of curing
Comestibles
 f - 3 rations


   Skills:
 + Level 4.6 Fighting
 + Level 4.1 Long Blades
 + Level 5.1 Armour
 + Level 0.7 Dodging
 + Level 0.1 Stealth
 + Level 4.9 Shields


You had 4 spell levels left.
You didn't know any spells.
Your spell library was empty.

Dungeon Overview and Level Annotations

Branches:
Dungeon (4/15)
 Temple: D:4-7

Altars:
Okawaru
Sif Muna
Uskayaw
Zin


Innate Abilities, Weirdness & Mutations

You reflexively headbutt those who attack you in melee.
You have a pair of horns on your head.
You are partially covered in yellow scales. (AC +2)
You are dopey. (Int -2)
You are frail. (-10% HP)


Message History

h - a golden potion
i - a scroll of identify You open the door.
Found 17 stones.
There is an open door here.
You are feeling very hungry.
An ogre comes into view. It is wielding a +0 giant club.
The ogre shouts!
An ogre is nearby!
An ogre is nearby!
A quokka skeleton comes into view.
You slash the ogre! You headbutt the ogre.
The ogre is heavily wounded.
The ogre hits you with a +0 giant club!!
Ouch! That really hurt!
You slash the ogre!
The ogre is almost dead.
The ogre hits you with a +0 giant club!!
Ouch! That really hurt!
You die...

..... #... ##... ...
... #Z# # #.# #O# .#
#.# #@#..#..# #.#
###........ #.#
#.......... #.#
#.####.##.# #.# #.# .#
#[# #.# .
########<####.####.##
#...................#
###.........##.#####.#


You could see an ogre and a quokka skeleton.

Vanquished Creatures
  An ogre (D:3)
  A bullfrog (D:2)
  3 adders
  An ooze (D:1)
  2 worms (D:3)
  2 dart slugs (D:1)
  3 bats
  2 giant cockroaches (D:1)
  3 goblins
  5 hobgoblins
  2 quokkas
  2 frilled lizards
  6 kobolds
  6 rats
39 creatures vanquished.

Notes
Turn   | Place    | Note
-------+----------+-------------------------------------------
     0 | D:1      | raphialitos the Minotaur Fighter began the quest for the
                  | Orb.
     0 | D:1      | Reached XP level 1. HP: 19/19 MP: 0/0
   253 | D:1      | Reached XP level 2. HP: 27/27 MP: 1/1
   859 | D:2      | Reached XP level 3. HP: 33/33 MP: 2/2
   924 | D:2      | Reached skill level 4 in Armour
   998 | D:2      | Noticed a bullfrog
  1005 | D:2      | Killed a bullfrog
  1005 | D:2      | Reached XP level 4. HP: 23/40 MP: 3/3
  1312 | D:2      | Found an iron altar of Okawaru.
  2290 | D:3      | Found a shimmering blue altar of Sif Muna.
  2291 | D:3      | Found a glowing silver altar of Zin.
  2300 | D:3      | Found a hide-covered altar of Uskayaw.
  2303 | D:3      | Noticed an ogre
  2330 | D:3      | Killed an ogre
  2330 | D:3      | Reached skill level 5 in Armour
  2330 | D:3      | Reached XP level 5. HP: 30/47 MP: 4/4
  2543 | D:3      | Found a shimmering blue altar of Sif Muna.
  3036 | D:2      | Gained mutation: You tend to lose your temper in combat.
                  | [potion of mutation]
  3036 | D:2      | Gained mutation: You are dopey. (Int -2) [potion of
                  | mutation]
  3036 | D:2      | Gained mutation: You are partially covered in icy blue
                  | scales. (AC +2) [potion of mutation]
  3037 | D:2      | Lost mutation: You are partially covered in icy blue
                  | scales. (AC +2) [potion of mutation]
  3037 | D:2      | Lost mutation: You tend to lose your temper in combat.
                  | [potion of mutation]
  3037 | D:2      | Gained mutation: You are frail. (-10% HP) [potion of
                  | mutation]
  3037 | D:2      | Gained mutation: You are partially covered in yellow
                  | scales. (AC +2) [potion of mutation]
  3192 | D:4      | Noticed an ogre
  3196 | D:4      | Mangled by an ogre

Illustrated notes

Levels and vault maps discovered:
D:1:      saegor_arrival_simple_b, layout_basic
D:2:      layout_loops_corners, lemuel_crystal_altar
D:3:      layout_basic, grunt_temple_overflow_open, led_sif_pool
D:4:      layout_basic, kennysheep_mini_moat, minivault_1

Skill      XL: |  1  2  3  4 |
---------------+-------------+-----
Shields        | 4 |  4.9
Fighting       | 4 |  4.6
Armour         | 4 5 |  5.1
Long Blades    | 3 4 |  4.1
Dodging        | |  0.7
Stealth        | |  0.1

Action                   |  1- 3 |  4- 6 || total
-------------------------+-------+-------++-------
Melee: Long sword        |    42 |    54 ||    96
       Headbutt          |     4 |    15 ||    19
  Use: Scroll            |     5 |     5 ||    10
       Potion            |       |     2 ||     2
  Eat: Chunk             |       |     6 ||     6
Armor: Scale mail        |    11 |    24 ||    35
Dodge: Dodged            |    16 |    20 ||    36
Block: Kite shield       |    20 |    27 ||    47
       Rpst.: Long sword |     5 |     3 ||     8
